 Dungeon Crawl Stone Soup version 0.31-a0-640-g39d97e502b (webtiles) character file.

Game seed: 1422714525025310925

3722 qw the Nimble (level 10, -8/59 HPs)
             Began as a Gargoyle Hunter on Aug 27, 2023.
             Was a Believer of Okawaru.
             Killed by divine providence
             ... invoked by Jeremiah
              (14 damage)
             ... on level 8 of the Dungeon.
             The game lasted 00:03:32 (7222 turns).

qw the Nimble (Gargoyle Hunter)                     Turns: 7222, Time: 00:03:33

Health: -8/59      AC: 19    Str: 15      XL:     10   Next: 14%
Magic:  11/12      EV: 24    Int:  8 (10) God:    Okawaru [**....]
Gold:   378        SH:  0    Dex: 23      Spells: 9/9 levels left

rFire   + + .        f - +0 orcbow
rCold   . . .        (shield currently unavailable)
rNeg    + . .        b - +0 leather armour "Mefiguit" {*Corrode +Inv rF++ Will+}
rPois   inf          (no helmet)
rElec   +            k - +0 cloak
rCorr   .            (no gloves)
SInv    .            q - +0 pair of boots
Will    +....        c - amulet of faith
Stlth   +++          h - +6 ring of dexterity
HPRegen 0.29/turn    r - +4 ring of protection
MPRegen 0.13/turn

%: corrode self (3%), faith
@: about to teleport, heroic
A: sickness immunity, AC +7, negative energy resistance 1, electricity
resistance, torment resistance 1, petrification resistance, screaming 2
a: Renounce Religion, Evoke Invisibility, Heroism


You were on level 8 of the Dungeon.
You worshipped Okawaru.
Okawaru was pleased with you.
You visited 2 branches of the dungeon, and saw 9 of its levels.
You also visited: Ossuary.

You collected 378 gold pieces.


Innate Abilities, Weirdness & Mutations

You are immune to sickness and miasma.
Your stone body is resilient. (AC +7)
You are immune to poison.
You resist negative energy. (rN+)
You are resistant to electric shocks. (rElec)
You are resistant to unholy torment.
You are immune to petrification.
You frequently scream uncontrollably at your foes.


   Skills:
 - Level 5.0(10.0) Fighting
 + Level 8.2(13.2) Ranged Weapons
 - Level 10.1(15.1) Armour
 - Level 10.2(15.2) Dodging
 - Level 1.1(6.1) Stealth
 + Level 3.4 Invocations


You had 9 spell levels left.
You didn't know any spells.
Your spell library was empty.

Inventory:

Hand Weapons
 f - a +0 orcbow (weapon)
Armour
 b - the +0 leather armour "Mefiguit" (worn) {*Corrode +Inv rF++ Will+}
   (You found it on level 2 of the Dungeon)

   rF++:      It greatly protects you from fire.
   Will+:     It increases your willpower.
   +Inv:      It lets you turn invisible.
   *Corrode:  It may corrode you when you take damage.
 k - a +0 cloak (worn)
 n - a +0 ring mail
 q - a +0 pair of boots (worn)
Jewellery
 c - an amulet of faith (around neck)
 h - a +6 ring of dexterity (left hand)
 r - a +4 ring of protection (right hand)
Scrolls
 a - 2 scrolls of teleportation
 i - a scroll of identify
Potions
 d - a potion of magic
 e - a potion of haste {unknown}
 g - 8 potions of curing
 j - a potion of lignification {unknown}
 l - a potion of mutation
 m - 2 potions of enlightenment
 p - a potion of might
 s - a potion of ambrosia {unknown}

Dungeon Overview and Level Annotations

Branches:
Dungeon (8/15)             Temple (1/1) D:4         Ossuary (visited)
   Lair: D:8-11

Altars:
Ashenzari
Cheibriados
Dithmenos
Fedhas
Gozag
Hepliaklqana
Kikubaaqudgha
Makhleb
Nemelex Xobeh
Okawaru
Ru
Sif Muna
Trog
Vehumet
Wu Jian
Xom
Yredelemnul
Zin
The Shining One

Annotations:
D:8 Jeremiah


Message History

The butterfly disappears in a burst of colours!
You feel like a meek peon again.
The butterfly disappears in a burst of colours! x2
Jeremiah throws their arms up pleadingly.
Something smites you!
7210 ||| INVOKING Heroism.
You gain the combat prowess of a mighty hero.
The butterfly disappears in a burst of colours!
The butterfly disappears in a burst of colours! x2
The butterfly disappears in a burst of colours! x2
7213 ||| FLEEEEING.
The butterfly disappears in a burst of colours!
7214 ||| FLEEEEING.
The butterfly disappears in a burst of colours! x4
The butterfly enters a dispersal trap!
The butterfly blinks! x4; Jeremiah hops!
The butterfly blinks! x3; You blink.
7215 ||| FLEEEEING.
7216 ||| FLEEEEING.
The butterfly disappears in a burst of colours!
Jeremiah hops!
Jeremiah hops!
You shoot an arrow. The arrow hits Jeremiah!
Jeremiah is almost dead.
The butterfly disappears in a burst of colours! x3
Jeremiah misses you.
The butterfly disappears in a burst of colours!
Jeremiah barely misses you.
The butterfly disappears in a burst of colours!
Jeremiah throws their arms up pleadingly.
Something smites you!
7221 ||| READING 3 scrolls of teleportation.
As you read the scroll of teleportation, it crumbles to dust.
You feel strangely unstable.
The butterfly disappears in a burst of colours! x2
Jeremiah misses you.
The butterfly disappears in a burst of colours!
Jeremiah lets out a twisted cry.
Something smites you!
You die...
Jeremiah asks, "What happened?
Did... did you die?"

.# ##.# ## ##.#.#### #
##.# #....... ##
#...##.##>#.# #.
#.##.....##.# #.
#.......bb.## #.
#.....##@...# ##
##.b...##bb..## .. #
#..##...b.F...# .# ##
#..##...b.b~bb#### .. .#
#.....bb.bb~...".# .#.
#..ยค..b..bb...##.##.#...
#...~b.%.b....#.(...##.#
# ##..~~..77...#.# #.# #
#......77b..#.#######.###


You could see Jeremiah.

Vanquished Creatures
  A two-headed ogre (D:5)
  4 yaks (D:8)
  A black bear (D:4)
  A sky beast (D:7)
  An orc warrior (D:7)
  An ice beast (D:5)
  An ogre (D:4)
  3 centaurs
  A phantom (D:6)
  A kobold brigand (D:4)
  5 bullfrogs
  2 scorpions
  4 howler monkeys
  A crimson imp (D:4)
  2 centaur zombies (Ossuary)
  5 hounds
  A gnoll bouda (D:6)
  An orc priest (D:8)
  2 iguanas
  Natasha (thrice) (D:3)
  3 mummies (Ossuary)
  5 gnolls (D:6)
  6 adders
  A shadow imp (D:6)
  2 white imps (D:6)
  2 ufetubi
  3 dart slugs
  21 orcs
  2 bats
  7 endoplasms
  5 giant cockroaches
  8 goblins
  6 hobgoblins
  10 jackals
  4 quokkas
  8 ball pythons
  9 frilled lizards
  2 goblin zombies (Ossuary)
  2 hobgoblin zombies (Ossuary)
  11 kobolds
  2 kobold zombies (Ossuary)
  3 rats
163 creatures vanquished.

Notes
Turn   | Place    | Note
-------+----------+-------------------------------------------
     0 | D:1      | qw the Gargoyle Hunter began the quest for the Orb.
     0 | D:1      | Reached XP level 1. HP: 12/12 MP: 1/1
     0 | D:1      | 0 ||| qw: Version: 0.3-a-74-g0d5e918
     0 | D:1      | 0 ||| qw: Game counter: 97
     0 | D:1      | 0 ||| qw: Melee chars always use a shield: true
     0 | D:1      | 0 ||| qw: God list: Okawaru
     0 | D:1      | 0 ||| qw: Allow faded altars: false
     0 | D:1      | 0 ||| qw: Do Orc after clearing Dungeon:15 true
     0 | D:1      | 0 ||| qw: Do second Lair branch before Depths: true
     0 | D:1      | 0 ||| qw: Lair rune preference: random
     0 | D:1      | 0 ||| qw: Goals: Normal
     0 | D:1      | 0 ||| PLANNING D:1-11
   265 | D:1      | Reached XP level 2. HP: 17/17 MP: 2/2
   496 | D:1      | Reached XP level 3. HP: 21/21 MP: 3/3
   697 | D:1      | 697 ||| UPGRADING to +0 cloak.
   702 | D:1      | 702 ||| DROPPING ring of magical power.
   703 | D:1      | 703 ||| READING scroll labelled ELOMOPH UCOA.
   708 | D:1      | 708 ||| READING 2 scrolls labelled OSITE QIXE.
   709 | D:1      | 709 ||| READING scroll labelled QUOTHR IFUBA.
   710 | D:1      | 710 ||| DROPPING scroll of butterflies.
   711 | D:1      | 711 ||| DROPPING scroll of amnesia.
   901 | D:2      | Identified the +0 leather armour "Mefiguit" {*Corrode +Inv
                  | rF++ Will+}
  1479 | D:2      | Reached skill level 3 in Fighting
  1574 | D:2      | 1574 ||| UPGRADING to +0 leather armour "Mefiguit"
                  | {*Corrode +Inv rF++ Will+}.
  1584 | D:2      | 1584 ||| UPGRADING to amulet of guardian spirit.
  1589 | D:2      | 1589 ||| DRINKING 2 silvery potions.
  1595 | D:3      | 1595 ||| STAIRDANCE
  1612 | D:3      | 1612 ||| STAIRDANCE
  1658 | D:3      | Reached XP level 4. HP: 28/28 MP: 4/4
  1668 | D:3      | Identified the +10 whip "Otsyant" {freeze, rCorr Int+3
                  | Stlth+}
  1719 | D:3      | Found a faded altar of an unknown god.
  1721 | D:3      | Noticed Natasha
  1734 | D:3      | Killed Natasha
  2275 | D:3      | Noticed Natasha
  2277 | D:3      | 2277 ||| FLEEEEING.
  2278 | D:3      | 2278 ||| FLEEEEING.
  2279 | D:3      | 2279 ||| FLEEEEING.
  2280 | D:3      | 2280 ||| FLEEEEING.
  2281 | D:3      | 2281 ||| FLEEEEING.
  2282 | D:3      | 2282 ||| FLEEEEING.
  2302 | D:3      | 2302 ||| Stepping ~*~*~tactically~*~*~ (retreating).
  2303 | D:3      | 2303 ||| Stepping ~*~*~tactically~*~*~ (retreating).
  2304 | D:3      | 2304 ||| RETREATING.
  2312 | D:3      | 2312 ||| Stepping ~*~*~tactically~*~*~ (retreating).
  2313 | D:3      | 2313 ||| Stepping ~*~*~tactically~*~*~ (retreating).
  2314 | D:3      | 2314 ||| Stepping ~*~*~tactically~*~*~ (retreating).
  2314 | D:3      | HP: 5/28 [Natasha (3)]
  2315 | D:3      | 2315 ||| DRINKING potion of heal wounds.
  2316 | D:3      | 2316 ||| Stepping ~*~*~tactically~*~*~ (retreating).
  2317 | D:3      | 2317 ||| Stepping ~*~*~tactically~*~*~ (retreating).
  2319 | D:3      | Killed Natasha
  2320 | D:3      | Reached XP level 5. HP: 10/32 MP: 0/5
  2368 | D:3      | Noticed Natasha
  2374 | D:3      | Killed Natasha
  2375 | D:3      | Reached skill level 6 in Ranged Weapons
  2517 | D:3      | 2517 ||| DROPPING +0 leather armour.
  2518 | D:3      | 2518 ||| UPGRADING to +6 ring of dexterity.
  2519 | D:3      | 2519 ||| READING 2 scrolls labelled KOSUEFF GEETH.
  2520 | D:3      | 2520 ||| READING scroll labelled XOADOU JELA.
  2521 | D:3      | 2521 ||| READING scroll labelled CAOSUM FAFUS.
  2522 | D:3      | 2522 ||| READING scroll labelled ZYTEFE MIET.
  2523 | D:3      | 2523 ||| DRINKING 3 fuming pink potions.
  2524 | D:3      | 2524 ||| DRINKING 2 puce potions.
  2524 | D:3      | Reached XP level 6. HP: 37/37 MP: 6/6
  2525 | D:3      | 2525 ||| DRINKING potion of experience.
  2525 | D:3      | Reached XP level 7. HP: 41/41 MP: 7/7
  2526 | D:3      | 2526 ||| DRINKING 2 brown potions.
  2527 | D:3      | 2527 ||| DROPPING scroll of blinking.
  2549 | D:4      | 2549 ||| PLANNING OSSUARY
  2645 | D:4      | Found a staircase to the Ecumenical Temple.
  2820 | D:4      | Found a radiant altar of Vehumet.
  2820 | D:4      | Found a burning altar of Makhleb.
  2889 | D:4      | Found a sand-covered staircase.
  2890 | D:4      | 2890 ||| UPGRADING to +0 pair of boots.
  2895 | D:4      | 2895 ||| UPGRADING to +4 ring of protection.
  2896 | D:4      | 2896 ||| READING scroll labelled WUYT FUENAEST.
  2997 | D:4      | 2997 ||| READING scroll labelled NUAFOILONT.
  2998 | D:4      | 2998 ||| READING scroll labelled NIXOEBRUKKO.
  2999 | D:4      | 2999 ||| DRINKING 2 amethyst potions.
  3000 | D:4      | 3000 ||| DROPPING potion of degeneration.
  3005 | Ossuary  | Entered an ossuary
  3065 | Ossuary  | Reached XP level 8. HP: 48/48 MP: 8/8
  3275 | Ossuary  | 3275 ||| READING scroll labelled MUOMEOREMIE.
  3276 | Ossuary  | 3276 ||| DRINKING 2 purple potions.
  3277 | Ossuary  | 3277 ||| DROPPING potion of attraction.
  3293 | D:4      | 3293 ||| PLANNING TEMPLE
  3364 | Temple   | Entered the Ecumenical Temple
  3365 | Temple   | 3365 ||| PLANNING OKAWARU WORSHIP
  3382 | Temple   | Became a worshipper of Warmaster Okawaru
  3383 | Temple   | 3383 ||| PLANNING D:1-11
  3383 | Temple   | 3383 ||| REMOVING amulet of guardian spirit.
  3388 | Temple   | 3388 ||| DROPPING amulet of guardian spirit.
  3620 | D:4      | 3620 ||| DROPPING +3 sling.
  3622 | D:4      | Found a broken altar of Ashenzari.
  3730 | D:5      | Entered Level 5 of the Dungeon
  3733 | D:5      | 3733 ||| STAIRDANCE
  3737 | D:5      | 3737 ||| STAIRDANCE
  3915 | D:5      | Reached * piety under Okawaru
  3944 | D:5      | Noticed a two-headed ogre
  3945 | D:5      | 3945 ||| INVOKING Heroism.
  3946 | D:5      | 3946 ||| INVOKING Heroism.
  3959 | D:5      | HP: 10/48 [two-headed ogre/+0 giant club (11)]
  3960 | D:5      | 3960 ||| READING scroll of teleportation.
  3961 | D:5      | 3961 ||| DRINKING 2 potions of heal wounds.
  4108 | D:5      | 4108 ||| FLEEEEING.
  4109 | D:5      | 4109 ||| FLEEEEING.
  4110 | D:5      | 4110 ||| FLEEEEING.
  4113 | D:5      | 4113 ||| STAIRDANCE
  4188 | D:4      | 4188 ||| READING scroll labelled EDET FEMIETROST.
  4189 | D:4      | 4189 ||| DRINKING 2 bubbling coppery potions.
  4189 | D:4      | Gained mutation: You occasionally shout uncontrollably at
                  | your foes. [potion of mutation]
  4189 | D:4      | Gained mutation: You sometimes lose your temper in combat.
                  | [potion of mutation]
  4189 | D:4      | Gained mutation: You frequently scream uncontrollably at
                  | your foes. [potion of mutation]
  4189 | D:4      | Lost mutation: You sometimes lose your temper in combat.
                  | [potion of mutation]
  4399 | D:5      | HP: 10/48 [two-headed ogre/+0 giant club (22)]
  4400 | D:5      | 4400 ||| DRINKING potion of heal wounds.
  4402 | D:5      | Killed a two-headed ogre
  4402 | D:5      | Reached ** piety under Okawaru
  4403 | D:5      | Reached XP level 9. HP: 39/52 MP: 9/9
  4574 | D:5      | 4574 ||| DRINKING 3 viscous amethyst potions.
  4628 | D:6      | 4628 ||| Stepping ~*~*~tactically~*~*~ (outnumbered).
  4629 | D:6      | 4629 ||| Stepping ~*~*~tactically~*~*~ (outnumbered).
  4638 | D:6      | 4638 ||| INVOKING Heroism.
  4652 | D:6      | 4652 ||| FLEEEEING.
  4653 | D:6      | 4653 ||| FLEEEEING.
  4654 | D:6      | 4654 ||| FLEEEEING.
  4655 | D:6      | 4655 ||| FLEEEEING.
  4656 | D:6      | 4656 ||| FLEEEEING.
  4657 | D:6      | 4657 ||| FLEEEEING.
  4658 | D:6      | 4658 ||| FLEEEEING.
  4747 | D:6      | Reached skill level 1 in Invocations
  4927 | D:6      | Found a basalt altar of Yredelemnul.
  5562 | D:6      | 5562 ||| UPGRADING to amulet of faith.
  5593 | D:7      | 5593 ||| INVOKING Heroism.
  5610 | D:7      | 5610 ||| INVOKING Heroism.
  5692 | D:7      | 5692 ||| SWAPPING to +0 orcbow.
  5724 | D:7      | 5724 ||| DROPPING +1 shortbow.
  5791 | D:7      | 5791 ||| RETREATING.
  5792 | D:7      | 5792 ||| Stepping ~*~*~tactically~*~*~ (retreating).
  5793 | D:7      | 5793 ||| Stepping ~*~*~tactically~*~*~ (retreating).
  5794 | D:7      | 5794 ||| Stepping ~*~*~tactically~*~*~ (retreating).
  5795 | D:7      | 5795 ||| Stepping ~*~*~tactically~*~*~ (retreating).
  6130 | D:7      | Found an ancient bone altar of Kikubaaqudgha.
  6370 | D:7      | 6370 ||| DROPPING amulet of magic regeneration.
  6382 | D:8      | 6382 ||| INVOKING Heroism.
  6384 | D:8      | 6384 ||| STAIRDANCE
  6401 | D:8      | 6401 ||| STAIRDANCE
  6428 | D:8      | 6428 ||| STAIRDANCE
  6435 | D:8      | 6435 ||| INVOKING Heroism.
  6474 | D:8      | 6474 ||| STAIRDANCE
  6734 | D:8      | 6734 ||| FLEEEEING.
  6735 | D:8      | 6735 ||| FLEEEEING.
  6736 | D:8      | 6736 ||| RETREATING.
  6740 | D:8      | 6740 ||| INVOKING Heroism.
  6744 | D:8      | Reached XP level 10. HP: 40/59 MP: 9/12
  6752 | D:8      | Reached skill level 3 in Invocations
  6761 | D:8      | 6761 ||| INVOKING Heroism.
  6762 | D:8      | 6762 ||| INVOKING Heroism.
  6928 | D:8      | Found an ornate altar of the Wu Jian Council.
  6931 | D:8      | Noticed Jeremiah
  6945 | D:8      | 6945 ||| INVOKING Heroism.
  6962 | D:8      | 6962 ||| DRINKING 2 white potions.
  6968 | D:8      | 6968 ||| INVOKING Heroism.
  6981 | D:8      | 6981 ||| FLEEEEING.
  6982 | D:8      | 6982 ||| FLEEEEING.
  6988 | D:8      | 6988 ||| FLEEEEING.
  6989 | D:8      | 6989 ||| FLEEEEING.
  6992 | D:8      | 6992 ||| FLEEEEING.
  6993 | D:8      | 6993 ||| FLEEEEING.
  6994 | D:8      | 6994 ||| FLEEEEING.
  7098 | D:8      | 7098 ||| FLEEEEING.
  7099 | D:8      | 7099 ||| FLEEEEING.
  7185 | D:8      | 7185 ||| INVOKING Heroism.
  7210 | D:8      | 7210 ||| INVOKING Heroism.
  7213 | D:8      | 7213 ||| FLEEEEING.
  7214 | D:8      | 7214 ||| FLEEEEING.
  7215 | D:8      | 7215 ||| FLEEEEING.
  7216 | D:8      | 7216 ||| FLEEEEING.
  7220 | D:8      | HP: 6/59 [Jeremiah/divine providence (14)]
  7221 | D:8      | 7221 ||| READING 3 scrolls of teleportation.
  7222 | D:8      | Killed from afar by Jeremiah

Levels and vault maps discovered:
D:1:      lightli_arrival_boilingwater, layout_basic, dreamdust_wishing_well,
          due_unseen_surprise
D:2:      layout_basic, minmay_lizard_pond
D:3:      layout_basic, chequers_ecumenical_altar_island, uniq_natasha
D:4:      layout_loops_ring, ashenzari_altar_1,
          grunt_temple_overflow_lords_of_destruction,
          minmay_temple_entry_offerings, enter_ossuary_5
D:5:      layout_loops_ring, minmay_misc_feat_pillars, hangedman_decor_push,
          minmay_misc_feat_rugged, amcnicky_mini_pool_small
D:6:      layout_basic, general_overflow_altar
D:7:      layout_basic, kennysheep_little_box
D:8:      layout_loops_ring, nicolae_wu_jian_wuxing_cycle, uniq_jeremiah
Temple:   nicolae_temple_bog_church

Skill      XL: |  1  2  3  4  5  6  7  8  9 10 |
---------------+-------------------------------+-----
Ranged Weapons | 5 6 7 8 |  8.2
Fighting       | 3 4 5 |  5.0
Dodging        | 10 | 10.2
Armour         | 10 | 10.1
Invocations    | 2 3 |  3.4
Stealth        | |  1.1

Action                     |  1- 3 |  4- 6 |  7- 9 | 10-12 || total
---------------------------+-------+-------+-------+-------++-------
   Fire: Shortbow          |   124 |    75 |   391 |       ||   590
         Orcbow            |       |       |   109 |    46 ||   155
 Invoke: Heroism           |       |       |     7 |     5 ||    12
    Use: Scroll            |     3 |     4 |     6 |     1 ||    14
         Potion            |     1 |     4 |     7 |     1 ||    13
 Armour: Leather armour    |    29 |    25 |   104 |     4 ||   162
  Dodge: Dodged            |    44 |    30 |   315 |    30 ||   419

Table legend:
 A = Non-vault XP
 B = Vault XP
 C = Vault XP percentage of total XP
 D = Non-vault monster count
 E = Vault monster count
 F = Vault count percentage of total count
                 A         B        C        D         E       F
            +---------+---------+-------+---------+---------+-------
      Total |    4496 |     246 |   5.2 |     146 |      17 |  10.4
            +---------+---------+-------+---------+---------+-------
        D:1 |      36 |       0 |   0.0 |      21 |       0 |   0.0
        D:2 |      41 |       4 |   8.9 |      22 |       4 |  15.4
        D:3 |      95 |      35 |  26.9 |      16 |       1 |   5.9
        D:4 |     420 |      50 |  10.6 |      20 |       1 |   4.8
        D:5 |    1431 |       0 |   0.0 |      19 |       0 |   0.0
        D:6 |     505 |       0 |   0.0 |      18 |       0 |   0.0
        D:7 |     718 |       0 |   0.0 |      17 |       0 |   0.0
        D:8 |    1250 |       0 |   0.0 |      13 |       0 |   0.0
    Ossuary |       0 |     157 | 100.0 |       0 |      11 | 100.0
            +---------+---------+-------+---------+---------+-------
